 Dungeon Crawl Stone Soup version 0.21-a0-507-ga8f6b7a (webtiles) character file.

39 slep the Skirmisher (level 3, -5/29 HPs)
             Began as a Demonspawn Monk on Nov 27, 2017.
             Engulfed by a cloud of flame (21 damage)
             ... on level 2 of the Dungeon.
             The game lasted 00:02:58 (802 turns).

slep the Skirmisher (Demonspawn Monk)                Turns: 802, Time: 00:02:59

Health: -5/29      AC:  8    Str: 12    XL:     3   Next: 28%
Magic:  3/3        EV:  6    Int: 11    God:
Gold:   33         SH:  0    Dex: 15    Spells: 2/2 levels left

rFire    . . .     SeeInvis .   a - +0 spear
rCold    . . .     Gourm    .   (no shield)
rNeg     . . .     Faith    .   n - +0 chain mail
rPois    .         Spirit   .   (no helmet)
rElec    .         Reflect  .   (no cloak)
rCorr    .         Harm     .   (no gloves)
MR       .....                  (no boots)
Stlth    ..........             (no amulet)
HPRegen  0.09/turn              (no ring)
MPRegen  0.08/turn              (no ring)

@: no status effects
A: talons 1, powered by pain 1
a: no special abilities


You were on level 2 of the Dungeon.
You were not hungry.

You visited 1 branch of the dungeon, and saw 2 of its levels.

You collected 33 gold pieces.

Inventory:

Hand Weapons
 a - a +0 spear (weapon)
Missiles
 k - 5 needles of confusion
Armour
 b - a +0 robe
 h - a +0 leather armour
 n - a +0 chain mail (worn)
Scrolls
 e - 3 scrolls of identify {unknown}
 g - 2 scrolls of teleportation {unknown}
 i - a scroll of magic mapping {unknown}
 m - a scroll of amnesia {unknown}
 p - a scroll of random uselessness {unknown}
Potions
 d - a potion of degeneration {unknown}
 f - a potion of ambrosia {unknown}
 j - a potion of magic {unknown}
 l - a potion of curing {unknown}
 o - a potion of agility {unknown}
Comestibles
 c - 2 bread rations


   Skills:
 + Level 3.3 Fighting
 + Level 3.2 Polearms
 + Level 0.1 Armour
 + Level 3.0 Dodging
 + Level 2.1 Stealth


You had 2 spell levels left.
You didn't know any spells.

Dungeon Overview and Level Annotations

Branches:
Dungeon (2/15)

Altars:
Vehumet


Innate Abilities, Weirdness & Mutations

You have sharp toenails.
You sometimes gain a little power by taking damage.


Message History

The ball python constricts you.
The ball python bites you but does no damage.
The ball python constricts you.
You closely miss the ball python.
The ball python is severely wounded.
The ball python bites you but does no damage.
The ball python constricts you.
You hit the ball python.
You kill the ball python!
You see here a spear.
Found a radiant altar of Vehumet.
Found two stone staircases leading down.
Really walk into a travel-excluded area?
Uppercase [Y]es or [N]o only, please.
Really walk into a travel-excluded area?
Found 21 stones.
You are engulfed in blazing flames.
You are engulfed in blazing flames.
Ouch! That really hurt!
You die...

#. #.# #.# ##.##
##(..##### ##........#
#### ####.....§...#
...# #..>.....§§..#
...# #.##>...§@...#
#.# #<###...§.§..#
##.# #.# ##...§..##
...## #.# ##.###.#
#...####.#####.# .#
#.#.........)..# .#
............#### .
##.....†.##.##########
##.########...........


There were no monsters in sight!

Vanquished Creatures
  An adder (D:2)
  A dart slug (D:1)
  A leopard gecko (D:1)
  5 bats (D:1)
  2 giant cockroaches
  A goblin (D:2)
  3 hobgoblins
  A quokka (D:2)
  A ball python (D:2)
  4 frilled lizards
  3 kobolds (D:1)
  5 rats (D:1)
28 creatures vanquished.

Vanquished Creatures (others)
  A hobgoblin (D:2)
1 creature vanquished.

Grand Total: 29 creatures vanquished

Notes
Turn   | Place    | Note
-------+----------+-------------------------------------------
     0 | D:1      | slep the Demonspawn Monk began the quest for the Orb.
     0 | D:1      | Reached XP level 1. HP: 18/18 MP: 1/1
    96 | D:1      | Gained mutation: You have sharp toenails. [demonic ancestry]
    96 | D:1      | Reached XP level 2. HP: 18/24 MP: 2/2
   737 | D:2      | Gained mutation: You sometimes gain a little power by taking damage. [demonic ancestry]
   737 | D:2      | Reached XP level 3. HP: 27/29 MP: 3/3
   794 | D:2      | Found a radiant altar of Vehumet.
   802 | D:2      | Engulfed by a cloud of flame

Vault maps used:
D:1:      sevenhm_arrival_forest_fort_small_4
D:2:      fiery_altar_vehumet, first_bread, grunt_dithmenos_smoke

Skill      XL: |  1  2 |
---------------+-------+-----
Polearms       | 3 |  3.2
Dodging        | 3 |  3.0
Stealth        | 2 |  2.1
Fighting       | |  3.3
Armour         | |  0.1

Action                   || total
-------------------------++-------
Melee: Spear             ||    76
       Kick              ||     7
 Stab: Sleeping          ||     4
Armor: Chain mail        ||    22
       Leather armour    ||     7
Dodge: Dodged            ||    34

Table legend:
 A = Spawn XP
 B = Non-spawn XP
 C = Spawn XP percentage of total XP
 D = Spawn monster count
 E = Non-spawn monster count
 F = Spawn count percentage of total count
 G = Total turns spent on level
                    A         B        C        D         E        F      G
               +---------+---------+-------+---------+---------+-------+---------
         Total |       0 |      57 |   0.0 |       0 |      28 |   0.0 |   802
               +---------+---------+-------+---------+---------+-------+---------
           D:1 |       0 |      33 |   0.0 |       0 |      20 |   0.0 |   691
           D:2 |       0 |      24 |   0.0 |       0 |       8 |   0.0 |   111
               +---------+---------+-------+---------+---------+-------+---------
